 Dungeon Crawl Stone Soup version 0.25.0-11-g1f837a76a1 (webtiles) character file.

Game seed: 14690623566182948418

3901 Stil the Thaumaturge (level 10, 0/50 HPs)
             Began as a Deep Elf Conjurer on June 25, 2020.
             Was a Believer of Vehumet.
             Slain by Erica
             ... wielding a +1 scimitar of flaming
              (11 damage)
             ... on level 8 of the Dungeon.
             The game lasted 00:37:31 (8860 turns).

Stil the Thaumaturge (Deep Elf Conjurer)            Turns: 8860, Time: 00:37:32

Health: 0/50       AC:  2    Str:  5    XL:     10   Next: 0%
Magic:  29/36      EV: 18    Int: 26    God:    Vehumet [**....]
Gold:   445        SH:  0    Dex: 18    Spells: 19/31 levels left

rFire    . . .     SeeInvis .   B - +4 flail of Summertime {distort, rN+ MR+ Int+2 Dex+3}
rCold    . . .     Gourm    .   (no shield)
rNeg     + . .     Faith    .   (no armour)
rPois    .         Spirit   .   (no helmet)
rElec    .         Reflect  .   m - +1 cloak
rCorr    .         Harm     .   (no gloves)
MR       ++...                  (no boots)
Stlth    ++++......             (no amulet)
HPRegen  0.16/turn              k - ring of magical power
MPRegen  0.25/turn              q - ring of stealth

@: no status effects
A: no striking features
a: Renounce Religion


You were on level 8 of the Dungeon.
You worshipped Vehumet.
Vehumet was pleased with you.
You were hungry.

You visited 2 branches of the dungeon, and saw 9 of its levels.
You also visited: Ossuary.

You collected 445 gold pieces.

Inventory:

Hand Weapons
 l - a +4 quarterstaff of chaos
 p - the +8 trident of Disharmony {protect, rF++ MP+9}
   (You found it on level 5 of the Dungeon)

   It grants its wielder temporary protection when it strikes (+7 to AC).
   It greatly protects you from fire.
   It affects your magic capacity (+9).
 B - the +4 flail of Summertime (weapon) {distort, rN+ MR+ Int+2 Dex+3}
   (You found it on level 7 of the Dungeon)

   It warps and distorts space around it.
   Unwielding it can cause banishment or high damage.
   It affects your intelligence (+2).
   It affects your dexterity (+3).
   It protects you from negative energy.
   It affects your resistance to hostile enchantments.
Missiles
 g - 9 boomerangs (quivered)
 s - 32 poisoned darts
Armour
 m - a +1 cloak (worn)
Magical Staves
 E - an uncursed staff of cold {unknown}
Jewellery
 e - a +6 ring of dexterity
 k - a ring of magical power (left hand)
 q - a ring of stealth (right hand)
 C - an uncursed amulet of reflection {unknown}
Wands
 A - a wand of paralysis (10)
 D - a wand of acid (7)
 H - a wand of iceblast (10)
Scrolls
 b - 4 scrolls of identify
 f - 4 scrolls of teleportation
 h - 2 scrolls of blinking
 n - 2 scrolls of enchant weapon {unknown}
 o - 5 scrolls of remove curse
 w - a scroll of immolation {unknown}
 y - a scroll of torment {unknown}
 F - a scroll of enchant armour
 G - 2 scrolls of fear
Potions
 a - a potion of ambrosia {unknown}
 d - 6 potions of flight
 i - 2 potions of resistance
 j - a potion of mutation {unknown}
 r - a potion of haste
 t - a potion of curing
 u - a potion of cancellation
 v - 3 potions of magic
 x - 2 potions of experience {unknown}
 z - 2 potions of lignification {unknown}
Comestibles
 c - 16 rations


   Skills:
 + Level 7.4 Dodging
 - Level 5.0 Stealth
 * Level 11.2 Spellcasting
 * Level 10.4 Conjurations
 + Level 4.8 Hexes


You had 19 spell levels left.
You knew the following spells:

 Your Spells              Type           Power        Failure   Level  Hunger
a - Magic Dart            Conj           ####         1%          1    None
b - Searing Ray           Conj           ######       1%          2    None
c - Fulminant Prism       Conj/Hex       ######....   1%          4    None
d - Yara's Violent Unrav  Hex/Tmut       ####......   38%         5    ###....

Your spell library contained the following spells:

 Spells                   Type           Power        Failure   Level  Hunger
 Shock                    Conj/Air       ####         1%          1    None
 Confusing Touch          Hex            #####...     1%          3    None
 Dazzling Flash           Conj/Hex       ######       1%          3    None
 Freeze                   Ice            ##..         4%          1    None
 Hailstorm                Conj/Ice       #####...     4%          4    None
 Iskenderun's Mystic Bla  Conj/Tloc      #####...     4%          4    None
 Frozen Ramparts          Ice            ##....       12%         3    None
 Gell's Gravitas          Tloc           ##........   12%         3    None
 Ozocubu's Armour         Chrm/Ice       ##......     12%         3    None
 Petrify                  Tmut/Erth      ##......     38%         4    None
 Summon Ice Beast         Ice/Summ       ##......     38%         4    None
 Metabolic Englaciation   Hex/Ice        ####......   38%         5    ###....


Dungeon Overview and Level Annotations

Branches:
Dungeon (8/15)             Temple (1/1) D:5            Lair (0/6) D:8
Ossuary (visited)

Altars:
Ashenzari
Elyvilon
Hepliaklqana
Makhleb
Nemelex Xobeh
Sif Muna
Uskayaw
Vehumet
Wu Jian
Zin

Shops:
D:4 *

Annotations:
D:8 Erica


Message History

The searing ray hits something!
The searing ray hits something!!
You hear some strange, mumbled words.
A lance of force appears from out of thin air!
The lance of force misses you.
You finish channeling your searing ray.
Something hits you! Something burns you.
Casting: Searing Ray (safe; 1% risk of failure)
Confirm with . or Enter, or press ? or * to list all spells.
Aiming: Searing Ray (safe; 1% risk of failure)
Press: ? - help, Shift-Dir - straight line (Press . to maintain the ray.)
You hear some strange, mumbled words.
A lance of force appears from out of thin air!
The lance of force hits you!
You are knocked back by the lance of force.
You slam into the rock wall!
* * * LOW HITPOINT WARNING * * *
The searing ray hits something!
Something hits you!
You die...

#.....# ####...#...≈...#
+.....# #.......#######.
#.....# #.........# #..
#.....####.........####..
#........'.).......##....
#......###.........##+##.
#......# #.......).......
#.....####...............
##.......@.....#####......
.........{###.......+......
..........# #.#.#####......
..........# #.#.# #......
..........+ ..... ........
..........#.#.#.## ########
..........#......
.......... .... ..........


There were no monsters in sight!

Vanquished Creatures
  Harold (D:7)
  Pikel (D:7)
  2 sky beasts
  An orc warrior (D:7)
  3 ogres
  3 phantoms
  2 centaurs
  A big kobold (D:7)
  2 bullfrogs (D:6)
  2 elf zombies
  An elf skeleton (D:5)
  A scorpion (D:7)
  3 centaur zombies
  A howler monkey (D:4)
  4 crimson imps
  A bullfrog zombie (D:6)
  3 human zombies (D:5)
  4 hounds
  2 orc wizards (D:7)
  2 bullfrog skeletons
  3 jellies
  Crazy Yiuf (D:2)
  2 centaur skeletons (D:6)
  3 iguanas
  7 worker ants
  A big kobold zombie (Ossuary)
  A hound skeleton (D:7)
  2 mummies (Ossuary)
  6 adders
  3 gnolls (D:4)
  A shadow imp (D:6)
  3 oozes
  2 adder skeletons
  An adder zombie (Ossuary)
  A worm (D:2)
  3 dart slugs
  5 leopard geckos
  18 orcs
  2 ball pythons
  4 giant cockroaches
  12 goblins
  5 hobgoblins
  8 jackals
  5 quokkas
  5 bats
  6 frilled lizards
  A giant cockroach zombie (D:5)
  2 goblin zombies (Ossuary)
  10 hobgoblin zombies (Ossuary)
  A jackal zombie (Ossuary)
  13 kobolds
  10 kobold zombies (Ossuary)
  A leopard gecko skeleton (D:6)
  An orc skeleton (D:5)
  9 orc zombies (Ossuary)
  4 rats
  A rat zombie (Ossuary)
203 creatures vanquished.

Vanquished Creatures (others)
  A spriggan (D:7)
  2 jackals (D:7)
  4 fulminant prisms
7 creatures vanquished.

Grand Total: 210 creatures vanquished

Notes
Turn   | Place    | Note
-------+----------+-------------------------------------------
     0 | D:1      | Stil the Deep Elf Conjurer began the quest for the Orb.
     0 | D:1      | Reached XP level 1. HP: 10/10 MP: 6/6
   258 | D:1      | Reached XP level 2. HP: 15/15 MP: 4/8
   263 | D:1      | Learned a level 2 spell: Searing Ray
   310 | D:1      | Reached skill level 5 in Conjurations
   887 | D:2      | Reached XP level 3. HP: 19/19 MP: 6/9
   926 | D:2      | Found a white marble altar of Elyvilon.
  1646 | D:2      | Reached XP level 4. HP: 24/24 MP: 11/11
  1746 | D:2      | Found a runed translucent door.
  1747 | D:2      | Noticed Crazy Yiuf
  1753 | D:2      | Killed Crazy Yiuf
  1753 | D:2      | Reached skill level 4 in Spellcasting
  1926 | D:2      | Found a sparkling altar of Nemelex Xobeh.
  2158 | D:3      | Reached XP level 5. HP: 28/28 MP: 13/13
  2888 | D:4      | Reached skill level 5 in Spellcasting
  3077 | D:4      | Got an iridescent spear
  3086 | D:4      | Identified the +4 spear of Quick Death {antimagic, Str+3}
                  | (You found it on level 4 of the Dungeon)
  3211 | D:4      | Reached XP level 6. HP: 32/32 MP: 15/15
  3387 | D:4      | Found Molann's Lightly-Used Armoury.
  3391 | D:4      | Got a fine ring mail
  3402 | D:4      | Identified the cursed +0 ring mail "Uramul" {Dex+4} (You
                  | found it on level 4 of the Dungeon)
  3613 | D:4      | Reached skill level 6 in Spellcasting
  3613 | D:4      | Reached XP level 7. HP: 2/36 MP: 18/18
  4033 | D:5      | Entered Level 5 of the Dungeon
  4077 | D:5      | Found a staircase to the Ecumenical Temple.
  4241 | D:5      | Got a buzzing trident
  4242 | D:5      | Identified the +8 trident of Disharmony {protect, rF++
                  | MP+9} (You found it on level 5 of the Dungeon)
  4372 | D:5      | Found a sand-covered staircase.
  4379 | D:5      | Reached skill level 5 in Stealth
  4382 | Ossuary  | Entered an ossuary
  4600 | Ossuary  | Reached skill level 7 in Spellcasting
  5117 | D:5      | Reached skill level 5 in Dodging
  5117 | D:5      | Reached XP level 8. HP: 26/41 MP: 21/21
  5365 | Temple   | Entered the Ecumenical Temple
  5379 | Temple   | Became a worshipper of Vehumet
  5674 | D:5      | Reached skill level 8 in Spellcasting
  6074 | D:6      | Learned a level 4 spell: Fulminant Prism
  6081 | D:6      | Learned a level 5 spell: Yara's Violent Unravelling
  6149 | D:6      | Found a shimmering blue altar of Sif Muna.
  6213 | D:6      | Reached skill level 9 in Spellcasting
  6213 | D:6      | Reached skill level 1 in Hexes
  6524 | D:6      | Reached * piety under Vehumet
  6524 | D:6      | Offered knowledge of Sandblast by Vehumet.
  6614 | D:6      | Reached XP level 9. HP: 45/45 MP: 24/24
  7284 | D:7      | Noticed Harold
  7299 | D:7      | Killed Harold
  7299 | D:7      | Reached skill level 10 in Spellcasting
  7541 | D:7      | Reached skill level 10 in Conjurations
  7614 | D:7      | Found a hide-covered altar of Uskayaw.
  7640 | D:7      | Got a translucent flail
  7641 | D:7      | Identified the +4 flail of Summertime {distort, rN+ MR+
                  | Int+2 Dex+3} (You found it on level 7 of the Dungeon)
  7663 | D:7      | Found a shattered altar of Ashenzari.
  7704 | D:7      | Noticed Pikel
  7712 | D:7      | Killed Pikel
  7712 | D:7      | Reached skill level 11 in Spellcasting
  8567 | D:7      | Offered knowledge of Shock by Vehumet.
  8581 | D:7      | Found a hazy altar of Hepliaklqana.
  8663 | D:8      | Reached XP level 10. HP: 50/50 MP: 27/27
  8669 | D:8      | Reached ** piety under Vehumet
  8796 | D:8      | Found a staircase to the Lair.
  8847 | D:8      | Noticed Erica
  8860 | D:8      | Slain by Erica

Illustrated notes

Levels and vault maps discovered:
D:1:      dpeg_chamrin_arrival_tetris, layout_basic, minmay_domino_2
D:2:      layout_loops_ring, nicolae_overflow_hidden_temple, elyvilon_altar_5,
          first_ration, minmay_split_cup_small, uniq_crazy_yiuf_cottage
D:3:      layout_rooms, minmay_circle_x
D:4:      corexii_shack_village, layout_loops_cross, minmay_shop_damaged,
          kennysheep_small_circle
D:5:      layout_loops_cross, minmay_temple_entry_large_hall,
          nicolae_ossuary_entry_catacombs
D:6:      layout_basic, basic_altar, kennysheep_generic_room_13
D:7:      layout_basic, eat_drink_and_be_merry_uskayaw, lemuel_round_altar,
          the_bakery, st_stairs_7, cheibrodos_ashenzari_chains, uniq_harold,
          uniq_pikel
D:8:      layout_basic, dpeg_oklobed_lair, minmay_curled_crystal, minivault_14,
          jmf_multi_god_temple, uniq_erica
Temple:   nicolae_temple_great_sept

Skill      XL: |  1  2  3  4  5  6  7  8  9 |
---------------+----------------------------+-----
Conjurations   | 5 6 7 9 10 | 10.4
Dodging        | 3 4 5 6 7 |  7.4
Stealth        | 3 4 5 |  5.0
Spellcasting   | 4 5 6 7 9 11 | 11.2
Hexes          | 2 4 |  4.8

Action                   |  1- 3 |  4- 6 |  7- 9 | 10-12 || total
-------------------------+-------+-------+-------+-------++-------
Melee: Dagger            |     4 |       |       |       ||     4
       Quarterstaff      |       |     3 |       |       ||     3
       Trident           |       |       |    15 |       ||    15
       Flail             |       |       |     3 |       ||     3
 Cast: Magic Dart        |    67 |    57 |   166 |     3 ||   293
       Searing Ray       |     4 |    15 |    59 |     3 ||    81
       Fulminant Prism   |       |       |     4 |       ||     4
  Use: Scroll            |       |    11 |     2 |       ||    13
 Stab: Sleeping          |       |     2 |     2 |       ||     4
  Eat: Chunk             |     2 |     6 |    12 |       ||    20
       Ration            |       |       |     1 |       ||     1
Armor: Robe              |     3 |       |       |       ||     3
       Ring mail         |       |     1 |    13 |       ||    14
       Skin              |       |       |     3 |       ||     3
Dodge: Dodged            |    11 |    14 |    45 |     2 ||    72
